 Dungeon Crawl Stone Soup version 0.28.0 (webtiles) character file.

Game seed: 16214847510895660947

18 wat the Digger (level 2, -10/22 (24) HPs)
             Began as a Troll Earth Elementalist on Feb 10, 2022.
             Mangled by Terence (16 damage)
             ... on level 2 of the Dungeon.
             The game lasted 00:01:18 (764 turns).

wat the Digger (Troll Earth Elementalist)            Turns: 764, Time: 00:01:18

HP:   -10/22 (24)   AC:  4    Str: 15    XL:     2   Next: 51%
MP:   3/3           EV:  9    Int: 11    God:
Gold: 48            SH:  0    Dex: 10    Spells: 2/3 levels left

rFire   + . .      SeeInvis .     - Unarmed
rCold   . . .      Faith    .   (no shield)
rNeg    . . .      Spirit   .   b - +0 robe
rPois   .          Reflect  .   (helmet restricted)
rElec   .          Harm     .   (no cloak)
rCorr   .          Rampage  .   (gloves unavailable)
Will    .....                   (boots unavailable)
Stlth   +.........              (no amulet)
HPRegen 0.87/turn               h - ring of protection from fire
MPRegen 0.08/turn               (no ring)

@: drained
A: large, unfitting armour, claws 3, regeneration 1, shaggy fur 1, tough skin 1
a: no special abilities


You were on level 2 of the Dungeon.
You visited 1 branch of the dungeon, and saw 2 of its levels.

You collected 48 gold pieces.

Inventory:

Missiles
 c - 75 stones
 e - 50 sling bullets
Armour
 b - a +0 robe (worn)
Jewellery
 h - a ring of protection from fire (left claw)
Scrolls
 a - 2 scrolls of identify {unknown}
 d - a scroll of teleportation {unknown}
 f - a scroll of enchant weapon {unknown}
 g - a scroll of immolation {unknown}


   Skills:
 + Level 0.2 Fighting
 + Level 1.7 Dodging
 - Level 1.0 Stealth
 * Level 1.2 Unarmed Combat
 + Level 1.3 Spellcasting
 + Level 0.9 Transmutations
 + Level 2.8 Earth Magic


You had 2 spell levels left.
You knew the following spells:

 Your Spells              Type           Power      Damage    Failure   Level
a - Sandblast             Erth           12%        2d6       10%         1

Your spell library contained the following spells:

 Spells                   Type           Power      Damage    Failure   Level
 Passwall                 Tmut/Erth      3%         N/A       22%         2
 Stone Arrow              Conj/Erth      6%         3d7       45%         3
 Petrify                  Tmut/Erth      4%         N/A       82%         4
 Borgnjor's Vile Clutch   Necr/Erth      1%         N/A       99%         5
 Irradiate                Conj/Tmut      0%         3d13      100%        5
 Necromutation            Tmut/Necr      0%         N/A       100%        8


Dungeon Overview and Level Annotations

Branches:
Dungeon (2/15)

Altars:

Annotations:
D:2 Terence


Innate Abilities, Weirdness & Mutations

You are too large for most types of armour.
You have claws for hands.
Your natural rate of healing is unusually fast.
You are covered in fur. (AC +1)
You have tough skin. (AC +1)


Message History

An endoplasm comes into view.
An endoplasm is nearby!
You see here a quokka corpse.
A rat comes into view.
The endoplasm quivers.
The endoplasm freezes you.
You are frozen.
You scratch the endoplasm.
The endoplasm is heavily wounded.
The endoplasm closely misses you.
You claw the endoplasm!
You kill the endoplasm!
Found a stone staircase leading down.
Found a pair of gloves.
The rat bites you but does no damage.
You scratch the rat.
You kill the rat!
No target in view!
No target in view!
h - a ring of protection from fire
h - a ring of protection from fire (left claw)
Found a faded altar of an unknown god.
You now have 48 gold pieces (gained 17).
Terence the Incautious comes into view.
He is wielding the +7 Throatcutter {drain, coup de grace}.
Found 11 gold pieces.
Terence shouts!
Found a grey potion.
You scratch Terence but do no damage. Terence barely misses you.
You scratch Terence.
Terence is moderately wounded.
You scratch Terence.
Terence is heavily wounded.
Terence hits you with the +7 Throatcutter {drain, coup de grace}!
Ouch! That really hurt!
You feel drained.
* * * LOW HITPOINT WARNING * * *
You are too injured to fight recklessly!
You are too injured to fight recklessly!
Terence hits you with the +7 Throatcutter {drain, coup de grace}!
Ouch! That really hurt!
You die...

#################
.......@@..$.....
.##
####.##.##.#####!
...# #.#...#.#
#...# #..._...#
#....###.#...#..#
#....#.##.##..#
#...........# .
#...###...#.. ..
##....#......#
..[


You could see Terence.

Vanquished Creatures
  2 ball pythons (D:1)
  A bat (D:1)
  2 endoplasms
  A giant cockroach (D:1)
  4 goblins
  A quokka (D:2)
  A frilled lizard (D:1)
  A kobold (D:1)
  3 rats
16 creatures vanquished.

Notes
Turn   | Place    | Note
-------+----------+-------------------------------------------
     0 | D:1      | wat the Troll Earth Elementalist began the quest for the
                  | Orb.
     0 | D:1      | Reached XP level 1. HP: 16/16 MP: 1/1
    69 | D:1      | Got the Almanac of the Well-Known Villages
   262 | D:1      | Reached XP level 2. HP: 24/24 MP: 3/3
   355 | D:1      | Reached skill level 1 in Unarmed Combat
   751 | D:2      | Found a faded altar of an unknown god.
   757 | D:2      | Noticed Terence
   764 | D:2      | Mangled by Terence

Illustrated notes

Levels and vault maps discovered:
D:1:      nicolae_arrival_somewhat_less_tricky_arrival, layout_basic
D:2:      layout_rooms, ebering_ecumenical_altar_box, basic_altar, uniq_terence

Skill      XL: |  1  2 |
---------------+-------+-----
Unarmed Combat | 1 |  1.2
Fighting       | |  0.2
Dodging        | |  1.7
Stealth        | |  1.0
Spellcasting   | |  1.3
Transmutations | |  0.9
Earth Magic    | |  2.8

Action                   || total
-------------------------++-------
Melee: Unarmed           ||    44
 Stab: Sleeping          ||     2
Armor: Robe              ||    19
Dodge: Dodged            ||    18
